Workbook

Sheet Title
A27: Input Hotel Name Here
A28: New York, NY
A29: 2027
A30: Capital Expenditure Budget
A32: General Manager:
A34: Director of Finance:
A36: Keys: | G36: 0

Sheet Curent Year CapEx
A2: =Title!A27 -> Input Hotel Name Here
A3: =Title!A29 -> 2027
A4: =Title!A30 -> Capital Expenditure Budget
B5: CapEx Reserve % | C5: 0.04 | K5: =$C$5 -> 0.04 | L5: =$C$5 -> 0.04 | M5: =$C$5 -> 0.04 | N5: =$C$5 -> 0.04 | O5: =$C$5 -> 0.04 | P5: =$C$5 -> 0.04 | Q5: =$C$5 -> 0.04 | R5: =$C$5 -> 0.04 | ... V5: =$C$5 -> 0.04
B6: Revenues - Budget | C6: =SUM(K6:V6) -> 0 | K6: 0 | L6: 0 | M6: 0 | N6: 0 | O6: 0 | P6: 0 | Q6: 0 | R6: 0 | S6: 0 | T6: 0 | U6: 0 | V6: 0
B7: Opening Reserve Balance | C7: =K7 -> 0 | K7: 0 | L7: =K11 -> 0 | M7: =L11 -> 0 | N7: =M11 -> 0 | O7: =N11 -> 0 | P7: =O11 -> 0 | Q7: =P11 -> 0 | R7: =Q11 -> 0 | S7: =R11 -> 0 | ... V7: =U11 -> 0
B8: Projected/Actual - Funding Reserve | C8: =SUM(K8:V8) -> 0 | K8: =K6*K5 -> 0 | L8: =L6*L5 -> 0 | M8: =M6*M5 -> 0 | N8: =N6*N5 -> 0 | O8: =O6*O5 -> 0 | P8: =P6*P5 -> 0 | Q8: =Q6*Q5 -> 0 | R8: =R6*R5 -> 0 | ... V8: =V6*V5 -> 0
B9: Total Owner Infused Funds | C9: =SUM(K9:V9) -> 0 | K9: 0 | L9: 0 | M9: 0 | N9: 0 | O9: 0 | P9: 0 | Q9: 0 | R9: 0 | S9: 0 | T9: 0 | U9: 0 | V9: 0
B10: Total Capital Expenditure | C10: =SUM(K10:V10) -> 0 | K10: =SUM(K15:K89) -> 0 | L10: =SUM(L15:L89) -> 0 | M10: =SUM(M15:M89) -> 0 | N10: =SUM(N15:N89) -> 0 | O10: =SUM(O15:O89) -> 0 | P10: =SUM(P15:P89) -> 0 | Q10: =SUM(Q15:Q89) -> 0 | R10: =SUM(R15:R89) -> 0 | ... V10: =SUM(V15:V89) -> 0
B11: Ending Reserve Balance | C11: =C7+C8+C9-C10 -> 0 | K11: =K7+K8+K9-K10 -> 0 | L11: =L7+L8+L9-L10 -> 0 | M11: =M7+M8+M9-M10 -> 0 | N11: =N7+N8+N9-N10 -> 0 | O11: =O7+O8+O9-O10 -> 0 | P11: =P7+P8+P9-P10 -> 0 | Q11: =Q7+Q8+Q9-Q10 -> 0 | R11: =R7+R8+R9-R10 -> 0 | ... V11: =V7+V8+V9-V10 -> 0
K12: MONTHLY EXPENDITURE
A13: Project # | B13: Project Name | C13: Original | D13: Add/Delete to | E13: Owner Infused | F13: Revised | G13: Commited | H13: Spent | I13: Balance of | J13: Balance of | K13: Projected | L13: Projected | M13: Projected | N13: Projected | O13: Projected | P13: Projected | Q13: Projected | R13: Projected | S13: Projected | T13: Projected | U13: Projected | V13: Projected
C14: Budget | D14: Original Budget | E14: Funds | F14: Budget | G14: YTD | H14: YTD | I14: Committed to Spend | J14: Budget Remaining | K14: January | L14: February | M14: March | N14: April | O14: May | P14: June | Q14: July | R14: August | S14: September | T14: October | U14: November | V14: December
A15: 27-01 | B15: ='CapEx Project Detail'!B9 -> 0 | C15: ='CapEx Project Detail'!B14 -> 0 | F15: =C15+D15+E15 -> 0 | G15: ='CapEx Project Detail'!B15 -> 0 | I15: =G15-H15 -> 0 | J15: =F15-G15 -> 0 | K15: ='CapEx Project Detail'!D15 -> 0 | L15: ='CapEx Project Detail'!F15 -> 0 | M15: ='CapEx Project Detail'!H15 -> 0 | N15: ='CapEx Project Detail'!J15 -> 0 | O15: ='CapEx Project Detail'!L15 -> 0 | P15: ='CapEx Project Detail'!N15 -> 0 | Q15: ='CapEx Project Detail'!P15 -> 0 | R15: ='CapEx Project Detail'!R15 -> 0 | S15: ='CapEx Project Detail'!T15 -> 0 | T15: ='CapEx Project Detail'!V15 -> 0 | U15: ='CapEx Project Detail'!X15 -> 0 | V15: ='CapEx Project Detail'!Z15 -> 0
A16: 27-02 | B16: ='CapEx Project Detail'!B17 -> 0 | C16: ='CapEx Project Detail'!B22 -> 0 | F16: =C16+D16+E16 -> 0 | G16: ='CapEx Project Detail'!B23 -> 0 | I16: =G16-H16 -> 0 | J16: =F16-G16 -> 0 | K16: ='CapEx Project Detail'!D23 -> 0 | L16: ='CapEx Project Detail'!F23 -> 0 | M16: ='CapEx Project Detail'!H23 -> 0 | N16: ='CapEx Project Detail'!J23 -> 0 | O16: ='CapEx Project Detail'!L23 -> 0 | P16: ='CapEx Project Detail'!N23 -> 0 | Q16: ='CapEx Project Detail'!P23 -> 0 | R16: ='CapEx Project Detail'!R23 -> 0 | S16: ='CapEx Project Detail'!T23 -> 0 | T16: ='CapEx Project Detail'!V23 -> 0 | U16: ='CapEx Project Detail'!X23 -> 0 | V16: ='CapEx Project Detail'!Z23 -> 0
A17: 27-03 | B17: ='CapEx Project Detail'!B25 -> 0 | C17: ='CapEx Project Detail'!B30 -> 0 | F17: =C17+D17+E17 -> 0 | G17: ='CapEx Project Detail'!B31 -> 0 | I17: =G17-H17 -> 0 | J17: =F17-G17 -> 0 | K17: ='CapEx Project Detail'!D31 -> 0 | L17: ='CapEx Project Detail'!F31 -> 0 | M17: ='CapEx Project Detail'!H31 -> 0 | N17: ='CapEx Project Detail'!J31 -> 0 | O17: ='CapEx Project Detail'!L31 -> 0 | P17: ='CapEx Project Detail'!N31 -> 0 | Q17: ='CapEx Project Detail'!P31 -> 0 | R17: ='CapEx Project Detail'!R31 -> 0 | S17: ='CapEx Project Detail'!T31 -> 0 | T17: ='CapEx Project Detail'!V31 -> 0 | U17: ='CapEx Project Detail'!X31 -> 0 | V17: ='CapEx Project Detail'!Z31 -> 0
A18: 27-04 | B18: ='CapEx Project Detail'!B33 -> 0 | C18: ='CapEx Project Detail'!B38 -> 0 | F18: =C18+D18+E18 -> 0 | G18: ='CapEx Project Detail'!B39 -> 0 | I18: =G18-H18 -> 0 | J18: =F18-G18 -> 0 | K18: ='CapEx Project Detail'!D39 -> 0 | L18: ='CapEx Project Detail'!F39 -> 0 | M18: ='CapEx Project Detail'!H39 -> 0 | N18: ='CapEx Project Detail'!J39 -> 0 | O18: ='CapEx Project Detail'!L39 -> 0 | P18: ='CapEx Project Detail'!N39 -> 0 | Q18: ='CapEx Project Detail'!P39 -> 0 | R18: ='CapEx Project Detail'!R39 -> 0 | S18: ='CapEx Project Detail'!T39 -> 0 | T18: ='CapEx Project Detail'!V39 -> 0 | U18: ='CapEx Project Detail'!X39 -> 0 | V18: ='CapEx Project Detail'!Z39 -> 0
A19: 27-05 | B19: ='CapEx Project Detail'!B41 -> 0 | C19: ='CapEx Project Detail'!B46 -> 0 | F19: =C19+D19+E19 -> 0 | G19: ='CapEx Project Detail'!B47 -> 0 | I19: =G19-H19 -> 0 | J19: =F19-G19 -> 0 | K19: ='CapEx Project Detail'!D47 -> 0 | L19: ='CapEx Project Detail'!F47 -> 0 | M19: ='CapEx Project Detail'!H47 -> 0 | N19: ='CapEx Project Detail'!J47 -> 0 | O19: ='CapEx Project Detail'!L47 -> 0 | P19: ='CapEx Project Detail'!N47 -> 0 | Q19: ='CapEx Project Detail'!P47 -> 0 | R19: ='CapEx Project Detail'!R47 -> 0 | S19: ='CapEx Project Detail'!T47 -> 0 | T19: ='CapEx Project Detail'!V47 -> 0 | U19: ='CapEx Project Detail'!X47 -> 0 | V19: ='CapEx Project Detail'!Z47 -> 0
A20: 27-06 | B20: ='CapEx Project Detail'!B49 -> 0 | C20: ='CapEx Project Detail'!B54 -> 0 | F20: =C20+D20+E20 -> 0 | G20: ='CapEx Project Detail'!B55 -> 0 | I20: =G20-H20 -> 0 | J20: =F20-G20 -> 0 | K20: ='CapEx Project Detail'!D55 -> 0 | L20: ='CapEx Project Detail'!F55 -> 0 | M20: ='CapEx Project Detail'!H55 -> 0 | N20: ='CapEx Project Detail'!J55 -> 0 | O20: ='CapEx Project Detail'!L55 -> 0 | P20: ='CapEx Project Detail'!N55 -> 0 | Q20: ='CapEx Project Detail'!P55 -> 0 | R20: ='CapEx Project Detail'!R55 -> 0 | S20: ='CapEx Project Detail'!T55 -> 0 | T20: ='CapEx Project Detail'!V55 -> 0 | U20: ='CapEx Project Detail'!X55 -> 0 | V20: ='CapEx Project Detail'!Z55 -> 0
A21: 27-07 | B21: ='CapEx Project Detail'!B57 -> 0 | C21: ='CapEx Project Detail'!B62 -> 0 | F21: =C21+D21+E21 -> 0 | G21: ='CapEx Project Detail'!B63 -> 0 | I21: =G21-H21 -> 0 | J21: =F21-G21 -> 0 | K21: ='CapEx Project Detail'!D63 -> 0 | L21: ='CapEx Project Detail'!F63 -> 0 | M21: ='CapEx Project Detail'!H63 -> 0 | N21: ='CapEx Project Detail'!J63 -> 0 | O21: ='CapEx Project Detail'!L63 -> 0 | P21: ='CapEx Project Detail'!N63 -> 0 | Q21: ='CapEx Project Detail'!P63 -> 0 | R21: ='CapEx Project Detail'!R63 -> 0 | S21: ='CapEx Project Detail'!T63 -> 0 | T21: ='CapEx Project Detail'!V63 -> 0 | U21: ='CapEx Project Detail'!X63 -> 0 | V21: ='CapEx Project Detail'!Z63 -> 0
A22: 27-08 | B22: ='CapEx Project Detail'!B65 -> 0 | C22: ='CapEx Project Detail'!B70 -> 0 | F22: =C22+D22+E22 -> 0 | G22: ='CapEx Project Detail'!B71 -> 0 | I22: =G22-H22 -> 0 | J22: =F22-G22 -> 0 | K22: ='CapEx Project Detail'!D71 -> 0 | L22: ='CapEx Project Detail'!F71 -> 0 | M22: ='CapEx Project Detail'!H71 -> 0 | N22: ='CapEx Project Detail'!J71 -> 0 | O22: ='CapEx Project Detail'!L71 -> 0 | P22: ='CapEx Project Detail'!N71 -> 0 | Q22: ='CapEx Project Detail'!P71 -> 0 | R22: ='CapEx Project Detail'!R71 -> 0 | S22: ='CapEx Project Detail'!T71 -> 0 | T22: ='CapEx Project Detail'!V71 -> 0 | U22: ='CapEx Project Detail'!X71 -> 0 | V22: ='CapEx Project Detail'!Z71 -> 0
A23: 27-09 | B23: ='CapEx Project Detail'!B73 -> 0 | C23: ='CapEx Project Detail'!B78 -> 0 | F23: =C23+D23+E23 -> 0 | G23: ='CapEx Project Detail'!B79 -> 0 | I23: =G23-H23 -> 0 | J23: =F23-G23 -> 0 | K23: ='CapEx Project Detail'!D79 -> 0 | L23: ='CapEx Project Detail'!F79 -> 0 | M23: ='CapEx Project Detail'!H79 -> 0 | N23: ='CapEx Project Detail'!J79 -> 0 | O23: ='CapEx Project Detail'!L79 -> 0 | P23: ='CapEx Project Detail'!N79 -> 0 | Q23: ='CapEx Project Detail'!P79 -> 0 | R23: ='CapEx Project Detail'!R79 -> 0 | S23: ='CapEx Project Detail'!T79 -> 0 | T23: ='CapEx Project Detail'!V79 -> 0 | U23: ='CapEx Project Detail'!X79 -> 0 | V23: ='CapEx Project Detail'!Z79 -> 0
A24: 27-10 | B24: ='CapEx Project Detail'!B81 -> 0 | C24: ='CapEx Project Detail'!B86 -> 0 | F24: =C24+D24+E24 -> 0 | G24: ='CapEx Project Detail'!B87 -> 0 | I24: =G24-H24 -> 0 | J24: =F24-G24 -> 0 | K24: ='CapEx Project Detail'!D87 -> 0 | L24: ='CapEx Project Detail'!F87 -> 0 | M24: ='CapEx Project Detail'!H87 -> 0 | N24: ='CapEx Project Detail'!J87 -> 0 | O24: ='CapEx Project Detail'!L87 -> 0 | P24: ='CapEx Project Detail'!N87 -> 0 | Q24: ='CapEx Project Detail'!P87 -> 0 | R24: ='CapEx Project Detail'!R87 -> 0 | S24: ='CapEx Project Detail'!T87 -> 0 | T24: ='CapEx Project Detail'!V87 -> 0 | U24: ='CapEx Project Detail'!X87 -> 0 | V24: ='CapEx Project Detail'!Z87 -> 0
A25: 27-11 | B25: ='CapEx Project Detail'!B89 -> 0 | C25: ='CapEx Project Detail'!B94 -> 0 | F25: =C25+D25+E25 -> 0 | G25: ='CapEx Project Detail'!B95 -> 0 | I25: =G25-H25 -> 0 | J25: =F25-G25 -> 0 | K25: ='CapEx Project Detail'!D95 -> 0 | L25: ='CapEx Project Detail'!F95 -> 0 | M25: ='CapEx Project Detail'!H95 -> 0 | N25: ='CapEx Project Detail'!J95 -> 0 | O25: ='CapEx Project Detail'!L95 -> 0 | P25: ='CapEx Project Detail'!N95 -> 0 | Q25: ='CapEx Project Detail'!P95 -> 0 | R25: ='CapEx Project Detail'!R95 -> 0 | S25: ='CapEx Project Detail'!T95 -> 0 | T25: ='CapEx Project Detail'!V95 -> 0 | U25: ='CapEx Project Detail'!X95 -> 0 | V25: ='CapEx Project Detail'!Z95 -> 0
A26: 27-12 | B26: ='CapEx Project Detail'!B97 -> 0 | C26: ='CapEx Project Detail'!B102 -> 0 | F26: =C26+D26+E26 -> 0 | G26: ='CapEx Project Detail'!B103 -> 0 | I26: =G26-H26 -> 0 | J26: =F26-G26 -> 0 | K26: ='CapEx Project Detail'!D103 -> 0 | L26: ='CapEx Project Detail'!F103 -> 0 | M26: ='CapEx Project Detail'!H103 -> 0 | N26: ='CapEx Project Detail'!J103 -> 0 | O26: ='CapEx Project Detail'!L103 -> 0 | P26: ='CapEx Project Detail'!N103 -> 0 | Q26: ='CapEx Project Detail'!P103 -> 0 | R26: ='CapEx Project Detail'!R103 -> 0 | S26: ='CapEx Project Detail'!T103 -> 0 | T26: ='CapEx Project Detail'!V103 -> 0 | U26: ='CapEx Project Detail'!X103 -> 0 | V26: ='CapEx Project Detail'!Z103 -> 0
A27: 27-13 | B27: ='CapEx Project Detail'!B105 -> 0 | C27: ='CapEx Project Detail'!B110 -> 0 | F27: =C27+D27+E27 -> 0 | G27: ='CapEx Project Detail'!B111 -> 0 | I27: =G27-H27 -> 0 | J27: =F27-G27 -> 0 | K27: ='CapEx Project Detail'!D111 -> 0 | L27: ='CapEx Project Detail'!F111 -> 0 | M27: ='CapEx Project Detail'!H111 -> 0 | N27: ='CapEx Project Detail'!J111 -> 0 | O27: ='CapEx Project Detail'!L111 -> 0 | P27: ='CapEx Project Detail'!N111 -> 0 | Q27: ='CapEx Project Detail'!P111 -> 0 | R27: ='CapEx Project Detail'!R111 -> 0 | S27: ='CapEx Project Detail'!T111 -> 0 | T27: ='CapEx Project Detail'!V111 -> 0 | U27: ='CapEx Project Detail'!X111 -> 0 | V27: ='CapEx Project Detail'!Z111 -> 0
A28: 27-14 | B28: ='CapEx Project Detail'!B113 -> 0 | C28: ='CapEx Project Detail'!B118 -> 0 | F28: =C28+D28+E28 -> 0 | G28: ='CapEx Project Detail'!B119 -> 0 | I28: =G28-H28 -> 0 | J28: =F28-G28 -> 0 | K28: ='CapEx Project Detail'!D119 -> 0 | L28: ='CapEx Project Detail'!F119 -> 0 | M28: ='CapEx Project Detail'!H119 -> 0 | N28: ='CapEx Project Detail'!J119 -> 0 | O28: ='CapEx Project Detail'!L119 -> 0 | P28: ='CapEx Project Detail'!N119 -> 0 | Q28: ='CapEx Project Detail'!P119 -> 0 | R28: ='CapEx Project Detail'!R119 -> 0 | S28: ='CapEx Project Detail'!T119 -> 0 | T28: ='CapEx Project Detail'!V119 -> 0 | U28: ='CapEx Project Detail'!X119 -> 0 | V28: ='CapEx Project Detail'!Z119 -> 0
A29: 27-15 | B29: ='CapEx Project Detail'!B121 -> 0 | C29: ='CapEx Project Detail'!B126 -> 0 | F29: =C29+D29+E29 -> 0 | G29: ='CapEx Project Detail'!B127 -> 0 | I29: =G29-H29 -> 0 | J29: =F29-G29 -> 0 | K29: ='CapEx Project Detail'!D127 -> 0 | L29: ='CapEx Project Detail'!F127 -> 0 | M29: ='CapEx Project Detail'!H127 -> 0 | N29: ='CapEx Project Detail'!J127 -> 0 | O29: ='CapEx Project Detail'!L127 -> 0 | P29: ='CapEx Project Detail'!N127 -> 0 | Q29: ='CapEx Project Detail'!P127 -> 0 | R29: ='CapEx Project Detail'!R127 -> 0 | S29: ='CapEx Project Detail'!T127 -> 0 | T29: ='CapEx Project Detail'!V127 -> 0 | U29: ='CapEx Project Detail'!X127 -> 0 | V29: ='CapEx Project Detail'!Z127 -> 0
A30: 27-16 | B30: ='CapEx Project Detail'!B129 -> 0 | C30: ='CapEx Project Detail'!B134 -> 0 | F30: =C30+D30+E30 -> 0 | G30: ='CapEx Project Detail'!B135 -> 0 | I30: =G30-H30 -> 0 | J30: =F30-G30 -> 0 | K30: ='CapEx Project Detail'!D135 -> 0 | L30: ='CapEx Project Detail'!F135 -> 0 | M30: ='CapEx Project Detail'!H135 -> 0 | N30: ='CapEx Project Detail'!J135 -> 0 | O30: ='CapEx Project Detail'!L135 -> 0 | P30: ='CapEx Project Detail'!N135 -> 0 | Q30: ='CapEx Project Detail'!P135 -> 0 | R30: ='CapEx Project Detail'!R135 -> 0 | S30: ='CapEx Project Detail'!T135 -> 0 | T30: ='CapEx Project Detail'!V135 -> 0 | U30: ='CapEx Project Detail'!X135 -> 0 | V30: ='CapEx Project Detail'!Z135 -> 0
A31: 27-17 | B31: ='CapEx Project Detail'!B137 -> 0 | C31: ='CapEx Project Detail'!B142 -> 0 | F31: =C31+D31+E31 -> 0 | G31: ='CapEx Project Detail'!B143 -> 0 | I31: =G31-H31 -> 0 | J31: =F31-G31 -> 0 | K31: ='CapEx Project Detail'!D143 -> 0 | L31: ='CapEx Project Detail'!F143 -> 0 | M31: ='CapEx Project Detail'!H143 -> 0 | N31: ='CapEx Project Detail'!J143 -> 0 | O31: ='CapEx Project Detail'!L143 -> 0 | P31: ='CapEx Project Detail'!N143 -> 0 | Q31: ='CapEx Project Detail'!P143 -> 0 | R31: ='CapEx Project Detail'!R143 -> 0 | S31: ='CapEx Project Detail'!T143 -> 0 | T31: ='CapEx Project Detail'!V143 -> 0 | U31: ='CapEx Project Detail'!X143 -> 0 | V31: ='CapEx Project Detail'!Z143 -> 0
A32: 27-18 | B32: ='CapEx Project Detail'!B145 -> 0 | C32: ='CapEx Project Detail'!B150 -> 0 | F32: =C32+D32+E32 -> 0 | G32: ='CapEx Project Detail'!B151 -> 0 | I32: =G32-H32 -> 0 | J32: =F32-G32 -> 0 | K32: ='CapEx Project Detail'!D151 -> 0 | L32: ='CapEx Project Detail'!F151 -> 0 | M32: ='CapEx Project Detail'!H151 -> 0 | N32: ='CapEx Project Detail'!J151 -> 0 | O32: ='CapEx Project Detail'!L151 -> 0 | P32: ='CapEx Project Detail'!N151 -> 0 | Q32: ='CapEx Project Detail'!P151 -> 0 | R32: ='CapEx Project Detail'!R151 -> 0 | S32: ='CapEx Project Detail'!T151 -> 0 | T32: ='CapEx Project Detail'!V151 -> 0 | U32: ='CapEx Project Detail'!X151 -> 0 | V32: ='CapEx Project Detail'!Z151 -> 0
A33: 27-19 | B33: ='CapEx Project Detail'!B153 -> 0 | C33: ='CapEx Project Detail'!B158 -> 0 | F33: =C33+D33+E33 -> 0 | G33: ='CapEx Project Detail'!B159 -> 0 | I33: =G33-H33 -> 0 | J33: =F33-G33 -> 0 | K33: ='CapEx Project Detail'!D159 -> 0 | L33: ='CapEx Project Detail'!F159 -> 0 | M33: ='CapEx Project Detail'!H159 -> 0 | N33: ='CapEx Project Detail'!J159 -> 0 | O33: ='CapEx Project Detail'!L159 -> 0 | P33: ='CapEx Project Detail'!N159 -> 0 | Q33: ='CapEx Project Detail'!P159 -> 0 | R33: ='CapEx Project Detail'!R159 -> 0 | S33: ='CapEx Project Detail'!T159 -> 0 | T33: ='CapEx Project Detail'!V159 -> 0 | U33: ='CapEx Project Detail'!X159 -> 0 | V33: ='CapEx Project Detail'!Z159 -> 0
A34: 27-20 | B34: ='CapEx Project Detail'!B161 -> 0 | C34: ='CapEx Project Detail'!B166 -> 0 | F34: =C34+D34+E34 -> 0 | G34: ='CapEx Project Detail'!B167 -> 0 | I34: =G34-H34 -> 0 | J34: =F34-G34 -> 0 | K34: ='CapEx Project Detail'!D167 -> 0 | L34: ='CapEx Project Detail'!F167 -> 0 | M34: ='CapEx Project Detail'!H167 -> 0 | N34: ='CapEx Project Detail'!J167 -> 0 | O34: ='CapEx Project Detail'!L167 -> 0 | P34: ='CapEx Project Detail'!N167 -> 0 | Q34: ='CapEx Project Detail'!P167 -> 0 | R34: ='CapEx Project Detail'!R167 -> 0 | S34: ='CapEx Project Detail'!T167 -> 0 | T34: ='CapEx Project Detail'!V167 -> 0 | U34: ='CapEx Project Detail'!X167 -> 0 | V34: ='CapEx Project Detail'!Z167 -> 0
A35: 27-21 | B35: ='CapEx Project Detail'!B169 -> 0 | C35: ='CapEx Project Detail'!B174 -> 0 | F35: =C35+D35+E35 -> 0 | G35: ='CapEx Project Detail'!B175 -> 0 | I35: =G35-H35 -> 0 | J35: =F35-G35 -> 0 | K35: ='CapEx Project Detail'!D175 -> 0 | L35: ='CapEx Project Detail'!F175 -> 0 | M35: ='CapEx Project Detail'!H175 -> 0 | N35: ='CapEx Project Detail'!J175 -> 0 | O35: ='CapEx Project Detail'!L175 -> 0 | P35: ='CapEx Project Detail'!N175 -> 0 | Q35: ='CapEx Project Detail'!P175 -> 0 | R35: ='CapEx Project Detail'!R175 -> 0 | S35: ='CapEx Project Detail'!T175 -> 0 | T35: ='CapEx Project Detail'!V175 -> 0 | U35: ='CapEx Project Detail'!X175 -> 0 | V35: ='CapEx Project Detail'!Z175 -> 0
A36: 27-22 | B36: ='CapEx Project Detail'!B177 -> 0 | C36: ='CapEx Project Detail'!B182 -> 0 | F36: =C36+D36+E36 -> 0 | G36: ='CapEx Project Detail'!B183 -> 0 | I36: =G36-H36 -> 0 | J36: =F36-G36 -> 0 | K36: ='CapEx Project Detail'!D183 -> 0 | L36: ='CapEx Project Detail'!F183 -> 0 | M36: ='CapEx Project Detail'!H183 -> 0 | N36: ='CapEx Project Detail'!J183 -> 0 | O36: ='CapEx Project Detail'!L183 -> 0 | P36: ='CapEx Project Detail'!N183 -> 0 | Q36: ='CapEx Project Detail'!P183 -> 0 | R36: ='CapEx Project Detail'!R183 -> 0 | S36: ='CapEx Project Detail'!T183 -> 0 | T36: ='CapEx Project Detail'!V183 -> 0 | U36: ='CapEx Project Detail'!X183 -> 0 | V36: ='CapEx Project Detail'!Z183 -> 0
A37: 27-23 | B37: ='CapEx Project Detail'!B185 -> 0 | C37: ='CapEx Project Detail'!B190 -> 0 | F37: =C37+D37+E37 -> 0 | G37: ='CapEx Project Detail'!B191 -> 0 | I37: =G37-H37 -> 0 | J37: =F37-G37 -> 0 | K37: ='CapEx Project Detail'!D191 -> 0 | L37: ='CapEx Project Detail'!F191 -> 0 | M37: ='CapEx Project Detail'!H191 -> 0 | N37: ='CapEx Project Detail'!J191 -> 0 | O37: ='CapEx Project Detail'!L191 -> 0 | P37: ='CapEx Project Detail'!N191 -> 0 | Q37: ='CapEx Project Detail'!P191 -> 0 | R37: ='CapEx Project Detail'!R191 -> 0 | S37: ='CapEx Project Detail'!T191 -> 0 | T37: ='CapEx Project Detail'!V191 -> 0 | U37: ='CapEx Project Detail'!X191 -> 0 | V37: ='CapEx Project Detail'!Z191 -> 0
A38: 27-24 | B38: ='CapEx Project Detail'!B193 -> 0 | C38: ='CapEx Project Detail'!B198 -> 0 | F38: =C38+D38+E38 -> 0 | G38: ='CapEx Project Detail'!B199 -> 0 | I38: =G38-H38 -> 0 | J38: =F38-G38 -> 0 | K38: ='CapEx Project Detail'!D199 -> 0 | L38: ='CapEx Project Detail'!F199 -> 0 | M38: ='CapEx Project Detail'!H199 -> 0 | N38: ='CapEx Project Detail'!J199 -> 0 | O38: ='CapEx Project Detail'!L199 -> 0 | P38: ='CapEx Project Detail'!N199 -> 0 | Q38: ='CapEx Project Detail'!P199 -> 0 | R38: ='CapEx Project Detail'!R199 -> 0 | S38: ='CapEx Project Detail'!T199 -> 0 | T38: ='CapEx Project Detail'!V199 -> 0 | U38: ='CapEx Project Detail'!X199 -> 0 | V38: ='CapEx Project Detail'!Z199 -> 0
A39: 27-25 | B39: ='CapEx Project Detail'!B201 -> 0 | C39: ='CapEx Project Detail'!B206 -> 0 | F39: =C39+D39+E39 -> 0 | G39: ='CapEx Project Detail'!B207 -> 0 | I39: =G39-H39 -> 0 | J39: =F39-G39 -> 0 | K39: ='CapEx Project Detail'!D207 -> 0 | L39: ='CapEx Project Detail'!F207 -> 0 | M39: ='CapEx Project Detail'!H207 -> 0 | N39: ='CapEx Project Detail'!J207 -> 0 | O39: ='CapEx Project Detail'!L207 -> 0 | P39: ='CapEx Project Detail'!N207 -> 0 | Q39: ='CapEx Project Detail'!P207 -> 0 | R39: ='CapEx Project Detail'!R207 -> 0 | S39: ='CapEx Project Detail'!T207 -> 0 | T39: ='CapEx Project Detail'!V207 -> 0 | U39: ='CapEx Project Detail'!X207 -> 0 | V39: ='CapEx Project Detail'!Z207 -> 0
A40: 27-26 | B40: ='CapEx Project Detail'!B209 -> 0 | C40: ='CapEx Project Detail'!B214 -> 0 | F40: =C40+D40+E40 -> 0 | G40: ='CapEx Project Detail'!B215 -> 0 | I40: =G40-H40 -> 0 | J40: =F40-G40 -> 0 | K40: ='CapEx Project Detail'!D215 -> 0 | L40: ='CapEx Project Detail'!F215 -> 0 | M40: ='CapEx Project Detail'!H215 -> 0 | N40: ='CapEx Project Detail'!J215 -> 0 | O40: ='CapEx Project Detail'!L215 -> 0 | P40: ='CapEx Project Detail'!N215 -> 0 | Q40: ='CapEx Project Detail'!P215 -> 0 | R40: ='CapEx Project Detail'!R215 -> 0 | S40: ='CapEx Project Detail'!T215 -> 0 | T40: ='CapEx Project Detail'!V215 -> 0 | U40: ='CapEx Project Detail'!X215 -> 0 | V40: ='CapEx Project Detail'!Z215 -> 0
A41: 27-27 | B41: ='CapEx Project Detail'!B217 -> 0 | C41: ='CapEx Project Detail'!B222 -> 0 | F41: =C41+D41+E41 -> 0 | G41: ='CapEx Project Detail'!B223 -> 0 | I41: =G41-H41 -> 0 | J41: =F41-G41 -> 0 | K41: ='CapEx Project Detail'!D223 -> 0 | L41: ='CapEx Project Detail'!F223 -> 0 | M41: ='CapEx Project Detail'!H223 -> 0 | N41: ='CapEx Project Detail'!J223 -> 0 | O41: ='CapEx Project Detail'!L223 -> 0 | P41: ='CapEx Project Detail'!N223 -> 0 | Q41: ='CapEx Project Detail'!P223 -> 0 | R41: ='CapEx Project Detail'!R223 -> 0 | S41: ='CapEx Project Detail'!T223 -> 0 | T41: ='CapEx Project Detail'!V223 -> 0 | U41: ='CapEx Project Detail'!X223 -> 0 | V41: ='CapEx Project Detail'!Z223 -> 0
A42: 27-28 | B42: ='CapEx Project Detail'!B225 -> 0 | C42: ='CapEx Project Detail'!B230 -> 0 | F42: =C42+D42+E42 -> 0 | G42: ='CapEx Project Detail'!B231 -> 0 | I42: =G42-H42 -> 0 | J42: =F42-G42 -> 0 | K42: ='CapEx Project Detail'!D231 -> 0 | L42: ='CapEx Project Detail'!F231 -> 0 | M42: ='CapEx Project Detail'!H231 -> 0 | N42: ='CapEx Project Detail'!J231 -> 0 | O42: ='CapEx Project Detail'!L231 -> 0 | P42: ='CapEx Project Detail'!N231 -> 0 | Q42: ='CapEx Project Detail'!P231 -> 0 | R42: ='CapEx Project Detail'!R231 -> 0 | S42: ='CapEx Project Detail'!T231 -> 0 | T42: ='CapEx Project Detail'!V231 -> 0 | U42: ='CapEx Project Detail'!X231 -> 0 | V42: ='CapEx Project Detail'!Z231 -> 0
A43: 27-29 | B43: ='CapEx Project Detail'!B233 -> 0 | C43: ='CapEx Project Detail'!B238 -> 0 | F43: =C43+D43+E43 -> 0 | G43: ='CapEx Project Detail'!B239 -> 0 | I43: =G43-H43 -> 0 | J43: =F43-G43 -> 0 | K43: ='CapEx Project Detail'!D239 -> 0 | L43: ='CapEx Project Detail'!F239 -> 0 | M43: ='CapEx Project Detail'!H239 -> 0 | N43: ='CapEx Project Detail'!J239 -> 0 | O43: ='CapEx Project Detail'!L239 -> 0 | P43: ='CapEx Project Detail'!N239 -> 0 | Q43: ='CapEx Project Detail'!P239 -> 0 | R43: ='CapEx Project Detail'!R239 -> 0 | S43: ='CapEx Project Detail'!T239 -> 0 | T43: ='CapEx Project Detail'!V239 -> 0 | U43: ='CapEx Project Detail'!X239 -> 0 | V43: ='CapEx Project Detail'!Z239 -> 0
A44: 27-30 | B44: ='CapEx Project Detail'!B241 -> 0 | C44: ='CapEx Project Detail'!B246 -> 0 | F44: =C44+D44+E44 -> 0 | G44: ='CapEx Project Detail'!B247 -> 0 | I44: =G44-H44 -> 0 | J44: =F44-G44 -> 0 | K44: ='CapEx Project Detail'!D247 -> 0 | L44: ='CapEx Project Detail'!F247 -> 0 | M44: ='CapEx Project Detail'!H247 -> 0 | N44: ='CapEx Project Detail'!J247 -> 0 | O44: ='CapEx Project Detail'!L247 -> 0 | P44: ='CapEx Project Detail'!N247 -> 0 | Q44: ='CapEx Project Detail'!P247 -> 0 | R44: ='CapEx Project Detail'!R247 -> 0 | S44: ='CapEx Project Detail'!T247 -> 0 | T44: ='CapEx Project Detail'!V247 -> 0 | U44: ='CapEx Project Detail'!X247 -> 0 | V44: ='CapEx Project Detail'!Z247 -> 0
A45: 27-31 | B45: ='CapEx Project Detail'!B249 -> 0 | C45: ='CapEx Project Detail'!B254 -> 0 | F45: =C45+D45+E45 -> 0 | G45: ='CapEx Project Detail'!B255 -> 0 | I45: =G45-H45 -> 0 | J45: =F45-G45 -> 0 | K45: ='CapEx Project Detail'!D255 -> 0 | L45: ='CapEx Project Detail'!F255 -> 0 | M45: ='CapEx Project Detail'!H255 -> 0 | N45: ='CapEx Project Detail'!J255 -> 0 | O45: ='CapEx Project Detail'!L255 -> 0 | P45: ='CapEx Project Detail'!N255 -> 0 | Q45: ='CapEx Project Detail'!P255 -> 0 | R45: ='CapEx Project Detail'!R255 -> 0 | S45: ='CapEx Project Detail'!T255 -> 0 | T45: ='CapEx Project Detail'!V255 -> 0 | U45: ='CapEx Project Detail'!X255 -> 0 | V45: ='CapEx Project Detail'!Z255 -> 0
A46: 27-32 | B46: ='CapEx Project Detail'!B257 -> 0 | C46: ='CapEx Project Detail'!B262 -> 0 | F46: =C46+D46+E46 -> 0 | G46: ='CapEx Project Detail'!B263 -> 0 | I46: =G46-H46 -> 0 | J46: =F46-G46 -> 0 | K46: ='CapEx Project Detail'!D263 -> 0 | L46: ='CapEx Project Detail'!F263 -> 0 | M46: ='CapEx Project Detail'!H263 -> 0 | N46: ='CapEx Project Detail'!J263 -> 0 | O46: ='CapEx Project Detail'!L263 -> 0 | P46: ='CapEx Project Detail'!N263 -> 0 | Q46: ='CapEx Project Detail'!P263 -> 0 | R46: ='CapEx Project Detail'!R263 -> 0 | S46: ='CapEx Project Detail'!T263 -> 0 | T46: ='CapEx Project Detail'!V263 -> 0 | U46: ='CapEx Project Detail'!X263 -> 0 | V46: ='CapEx Project Detail'!Z263 -> 0
A47: 27-33 | B47: ='CapEx Project Detail'!B265 -> 0 | C47: ='CapEx Project Detail'!B270 -> 0 | F47: =C47+D47+E47 -> 0 | G47: ='CapEx Project Detail'!B271 -> 0 | I47: =G47-H47 -> 0 | J47: =F47-G47 -> 0 | K47: ='CapEx Project Detail'!D271 -> 0 | L47: ='CapEx Project Detail'!F271 -> 0 | M47: ='CapEx Project Detail'!H271 -> 0 | N47: ='CapEx Project Detail'!J271 -> 0 | O47: ='CapEx Project Detail'!L271 -> 0 | P47: ='CapEx Project Detail'!N271 -> 0 | Q47: ='CapEx Project Detail'!P271 -> 0 | R47: ='CapEx Project Detail'!R271 -> 0 | S47: ='CapEx Project Detail'!T271 -> 0 | T47: ='CapEx Project Detail'!V271 -> 0 | U47: ='CapEx Project Detail'!X271 -> 0 | V47: ='CapEx Project Detail'!Z271 -> 0
A48: 27-34 | B48: ='CapEx Project Detail'!B273 -> 0 | C48: ='CapEx Project Detail'!B278 -> 0 | F48: =C48+D48+E48 -> 0 | G48: ='CapEx Project Detail'!B279 -> 0 | I48: =G48-H48 -> 0 | J48: =F48-G48 -> 0 | K48: ='CapEx Project Detail'!D279 -> 0 | L48: ='CapEx Project Detail'!F279 -> 0 | M48: ='CapEx Project Detail'!H279 -> 0 | N48: ='CapEx Project Detail'!J279 -> 0 | O48: ='CapEx Project Detail'!L279 -> 0 | P48: ='CapEx Project Detail'!N279 -> 0 | Q48: ='CapEx Project Detail'!P279 -> 0 | R48: ='CapEx Project Detail'!R279 -> 0 | S48: ='CapEx Project Detail'!T279 -> 0 | T48: ='CapEx Project Detail'!V279 -> 0 | U48: ='CapEx Project Detail'!X279 -> 0 | V48: ='CapEx Project Detail'!Z279 -> 0
A49: 27-35 | B49: ='CapEx Project Detail'!B281 -> 0 | C49: ='CapEx Project Detail'!B286 -> 0 | F49: =C49+D49+E49 -> 0 | G49: ='CapEx Project Detail'!B287 -> 0 | I49: =G49-H49 -> 0 | J49: =F49-G49 -> 0 | K49: ='CapEx Project Detail'!D287 -> 0 | L49: ='CapEx Project Detail'!F287 -> 0 | M49: ='CapEx Project Detail'!H287 -> 0 | N49: ='CapEx Project Detail'!J287 -> 0 | O49: ='CapEx Project Detail'!L287 -> 0 | P49: ='CapEx Project Detail'!N287 -> 0 | Q49: ='CapEx Project Detail'!P287 -> 0 | R49: ='CapEx Project Detail'!R287 -> 0 | S49: ='CapEx Project Detail'!T287 -> 0 | T49: ='CapEx Project Detail'!V287 -> 0 | U49: ='CapEx Project Detail'!X287 -> 0 | V49: ='CapEx Project Detail'!Z287 -> 0
A50: 27-36 | B50: ='CapEx Project Detail'!B289 -> 0 | C50: ='CapEx Project Detail'!B294 -> 0 | F50: =C50+D50+E50 -> 0 | G50: ='CapEx Project Detail'!B295 -> 0 | I50: =G50-H50 -> 0 | J50: =F50-G50 -> 0 | K50: ='CapEx Project Detail'!D295 -> 0 | L50: ='CapEx Project Detail'!F295 -> 0 | M50: ='CapEx Project Detail'!H295 -> 0 | N50: ='CapEx Project Detail'!J295 -> 0 | O50: ='CapEx Project Detail'!L295 -> 0 | P50: ='CapEx Project Detail'!N295 -> 0 | Q50: ='CapEx Project Detail'!P295 -> 0 | R50: ='CapEx Project Detail'!R295 -> 0 | S50: ='CapEx Project Detail'!T295 -> 0 | T50: ='CapEx Project Detail'!V295 -> 0 | U50: ='CapEx Project Detail'!X295 -> 0 | V50: ='CapEx Project Detail'!Z295 -> 0
A51: 27-37 | B51: ='CapEx Project Detail'!B297 -> 0 | C51: ='CapEx Project Detail'!B302 -> 0 | F51: =C51+D51+E51 -> 0 | G51: ='CapEx Project Detail'!B303 -> 0 | I51: =G51-H51 -> 0 | J51: =F51-G51 -> 0 | K51: ='CapEx Project Detail'!D303 -> 0 | L51: ='CapEx Project Detail'!F303 -> 0 | M51: ='CapEx Project Detail'!H303 -> 0 | N51: ='CapEx Project Detail'!J303 -> 0 | O51: ='CapEx Project Detail'!L303 -> 0 | P51: ='CapEx Project Detail'!N303 -> 0 | Q51: ='CapEx Project Detail'!P303 -> 0 | R51: ='CapEx Project Detail'!R303 -> 0 | S51: ='CapEx Project Detail'!T303 -> 0 | T51: ='CapEx Project Detail'!V303 -> 0 | U51: ='CapEx Project Detail'!X303 -> 0 | V51: ='CapEx Project Detail'!Z303 -> 0
A52: 27-38 | B52: ='CapEx Project Detail'!B305 -> 0 | C52: ='CapEx Project Detail'!B310 -> 0 | F52: =C52+D52+E52 -> 0 | G52: ='CapEx Project Detail'!B311 -> 0 | I52: =G52-H52 -> 0 | J52: =F52-G52 -> 0 | K52: ='CapEx Project Detail'!D311 -> 0 | L52: ='CapEx Project Detail'!F311 -> 0 | M52: ='CapEx Project Detail'!H311 -> 0 | N52: ='CapEx Project Detail'!J311 -> 0 | O52: ='CapEx Project Detail'!L311 -> 0 | P52: ='CapEx Project Detail'!N311 -> 0 | Q52: ='CapEx Project Detail'!P311 -> 0 | R52: ='CapEx Project Detail'!R311 -> 0 | S52: ='CapEx Project Detail'!T311 -> 0 | T52: ='CapEx Project Detail'!V311 -> 0 | U52: ='CapEx Project Detail'!X311 -> 0 | V52: ='CapEx Project Detail'!Z311 -> 0
A53: 27-39 | B53: ='CapEx Project Detail'!B313 -> 0 | C53: ='CapEx Project Detail'!B318 -> 0 | F53: =C53+D53+E53 -> 0 | G53: ='CapEx Project Detail'!B319 -> 0 | I53: =G53-H53 -> 0 | J53: =F53-G53 -> 0 | K53: ='CapEx Project Detail'!D319 -> 0 | L53: ='CapEx Project Detail'!F319 -> 0 | M53: ='CapEx Project Detail'!H319 -> 0 | N53: ='CapEx Project Detail'!J319 -> 0 | O53: ='CapEx Project Detail'!L319 -> 0 | P53: ='CapEx Project Detail'!N319 -> 0 | Q53: ='CapEx Project Detail'!P319 -> 0 | R53: ='CapEx Project Detail'!R319 -> 0 | S53: ='CapEx Project Detail'!T319 -> 0 | T53: ='CapEx Project Detail'!V319 -> 0 | U53: ='CapEx Project Detail'!X319 -> 0 | V53: ='CapEx Project Detail'!Z319 -> 0
A54: 27-40 | B54: ='CapEx Project Detail'!B321 -> 0 | C54: ='CapEx Project Detail'!B326 -> 0 | F54: =C54+D54+E54 -> 0 | G54: ='CapEx Project Detail'!B327 -> 0 | I54: =G54-H54 -> 0 | J54: =F54-G54 -> 0 | K54: ='CapEx Project Detail'!D327 -> 0 | L54: ='CapEx Project Detail'!F327 -> 0 | M54: ='CapEx Project Detail'!H327 -> 0 | N54: ='CapEx Project Detail'!J327 -> 0 | O54: ='CapEx Project Detail'!L327 -> 0 | P54: ='CapEx Project Detail'!N327 -> 0 | Q54: ='CapEx Project Detail'!P327 -> 0 | R54: ='CapEx Project Detail'!R327 -> 0 | S54: ='CapEx Project Detail'!T327 -> 0 | T54: ='CapEx Project Detail'!V327 -> 0 | U54: ='CapEx Project Detail'!X327 -> 0 | V54: ='CapEx Project Detail'!Z327 -> 0
A55: 27-41 | B55: ='CapEx Project Detail'!B329 -> 0 | C55: ='CapEx Project Detail'!B334 -> 0 | F55: =C55+D55+E55 -> 0 | G55: ='CapEx Project Detail'!B335 -> 0 | I55: =G55-H55 -> 0 | J55: =F55-G55 -> 0 | K55: ='CapEx Project Detail'!D335 -> 0 | L55: ='CapEx Project Detail'!F335 -> 0 | M55: ='CapEx Project Detail'!H335 -> 0 | N55: ='CapEx Project Detail'!J335 -> 0 | O55: ='CapEx Project Detail'!L335 -> 0 | P55: ='CapEx Project Detail'!N335 -> 0 | Q55: ='CapEx Project Detail'!P335 -> 0 | R55: ='CapEx Project Detail'!R335 -> 0 | S55: ='CapEx Project Detail'!T335 -> 0 | T55: ='CapEx Project Detail'!V335 -> 0 | U55: ='CapEx Project Detail'!X335 -> 0 | V55: ='CapEx Project Detail'!Z335 -> 0
A56: 27-42 | B56: ='CapEx Project Detail'!B337 -> 0 | C56: ='CapEx Project Detail'!B342 -> 0 | F56: =C56+D56+E56 -> 0 | G56: ='CapEx Project Detail'!B343 -> 0 | I56: =G56-H56 -> 0 | J56: =F56-G56 -> 0 | K56: ='CapEx Project Detail'!D343 -> 0 | L56: ='CapEx Project Detail'!F343 -> 0 | M56: ='CapEx Project Detail'!H343 -> 0 | N56: ='CapEx Project Detail'!J343 -> 0 | O56: ='CapEx Project Detail'!L343 -> 0 | P56: ='CapEx Project Detail'!N343 -> 0 | Q56: ='CapEx Project Detail'!P343 -> 0 | R56: ='CapEx Project Detail'!R343 -> 0 | S56: ='CapEx Project Detail'!T343 -> 0 | T56: ='CapEx Project Detail'!V343 -> 0 | U56: ='CapEx Project Detail'!X343 -> 0 | V56: ='CapEx Project Detail'!Z343 -> 0
A57: 27-43 | B57: ='CapEx Project Detail'!B345 -> 0 | C57: ='CapEx Project Detail'!B350 -> 0 | F57: =C57+D57+E57 -> 0 | G57: ='CapEx Project Detail'!B351 -> 0 | I57: =G57-H57 -> 0 | J57: =F57-G57 -> 0 | K57: ='CapEx Project Detail'!D351 -> 0 | L57: ='CapEx Project Detail'!F351 -> 0 | M57: ='CapEx Project Detail'!H351 -> 0 | N57: ='CapEx Project Detail'!J351 -> 0 | O57: ='CapEx Project Detail'!L351 -> 0 | P57: ='CapEx Project Detail'!N351 -> 0 | Q57: ='CapEx Project Detail'!P351 -> 0 | R57: ='CapEx Project Detail'!R351 -> 0 | S57: ='CapEx Project Detail'!T351 -> 0 | T57: ='CapEx Project Detail'!V351 -> 0 | U57: ='CapEx Project Detail'!X351 -> 0 | V57: ='CapEx Project Detail'!Z351 -> 0
A58: 27-44 | B58: ='CapEx Project Detail'!B353 -> 0 | C58: ='CapEx Project Detail'!B358 -> 0 | F58: =C58+D58+E58 -> 0 | G58: ='CapEx Project Detail'!B359 -> 0 | I58: =G58-H58 -> 0 | J58: =F58-G58 -> 0 | K58: ='CapEx Project Detail'!D359 -> 0 | L58: ='CapEx Project Detail'!F359 -> 0 | M58: ='CapEx Project Detail'!H359 -> 0 | N58: ='CapEx Project Detail'!J359 -> 0 | O58: ='CapEx Project Detail'!L359 -> 0 | P58: ='CapEx Project Detail'!N359 -> 0 | Q58: ='CapEx Project Detail'!P359 -> 0 | R58: ='CapEx Project Detail'!R359 -> 0 | S58: ='CapEx Project Detail'!T359 -> 0 | T58: ='CapEx Project Detail'!V359 -> 0 | U58: ='CapEx Project Detail'!X359 -> 0 | V58: ='CapEx Project Detail'!Z359 -> 0
A59: 27-45 | B59: ='CapEx Project Detail'!B361 -> 0 | C59: ='CapEx Project Detail'!B366 -> 0 | F59: =C59+D59+E59 -> 0 | G59: ='CapEx Project Detail'!B367 -> 0 | I59: =G59-H59 -> 0 | J59: =F59-G59 -> 0 | K59: ='CapEx Project Detail'!D367 -> 0 | L59: ='CapEx Project Detail'!F367 -> 0 | M59: ='CapEx Project Detail'!H367 -> 0 | N59: ='CapEx Project Detail'!J367 -> 0 | O59: ='CapEx Project Detail'!L367 -> 0 | P59: ='CapEx Project Detail'!N367 -> 0 | Q59: ='CapEx Project Detail'!P367 -> 0 | R59: ='CapEx Project Detail'!R367 -> 0 | S59: ='CapEx Project Detail'!T367 -> 0 | T59: ='CapEx Project Detail'!V367 -> 0 | U59: ='CapEx Project Detail'!X367 -> 0 | V59: ='CapEx Project Detail'!Z367 -> 0
A60: 27-46 | B60: ='CapEx Project Detail'!B369 -> 0 | C60: ='CapEx Project Detail'!B374 -> 0 | F60: =C60+D60+E60 -> 0 | G60: ='CapEx Project Detail'!B375 -> 0 | I60: =G60-H60 -> 0 | J60: =F60-G60 -> 0 | K60: ='CapEx Project Detail'!D375 -> 0 | L60: ='CapEx Project Detail'!F375 -> 0 | M60: ='CapEx Project Detail'!H375 -> 0 | N60: ='CapEx Project Detail'!J375 -> 0 | O60: ='CapEx Project Detail'!L375 -> 0 | P60: ='CapEx Project Detail'!N375 -> 0 | Q60: ='CapEx Project Detail'!P375 -> 0 | R60: ='CapEx Project Detail'!R375 -> 0 | S60: ='CapEx Project Detail'!T375 -> 0 | T60: ='CapEx Project Detail'!V375 -> 0 | U60: ='CapEx Project Detail'!X375 -> 0 | V60: ='CapEx Project Detail'!Z375 -> 0
A61: 27-47 | B61: ='CapEx Project Detail'!B377 -> 0 | C61: ='CapEx Project Detail'!B382 -> 0 | F61: =C61+D61+E61 -> 0 | G61: ='CapEx Project Detail'!B383 -> 0 | I61: =G61-H61 -> 0 | J61: =F61-G61 -> 0 | K61: ='CapEx Project Detail'!D383 -> 0 | L61: ='CapEx Project Detail'!F383 -> 0 | M61: ='CapEx Project Detail'!H383 -> 0 | N61: ='CapEx Project Detail'!J383 -> 0 | O61: ='CapEx Project Detail'!L383 -> 0 | P61: ='CapEx Project Detail'!N383 -> 0 | Q61: ='CapEx Project Detail'!P383 -> 0 | R61: ='CapEx Project Detail'!R383 -> 0 | S61: ='CapEx Project Detail'!T383 -> 0 | T61: ='CapEx Project Detail'!V383 -> 0 | U61: ='CapEx Project Detail'!X383 -> 0 | V61: ='CapEx Project Detail'!Z383 -> 0
A62: 27-48 | B62: ='CapEx Project Detail'!B385 -> 0 | C62: ='CapEx Project Detail'!B390 -> 0 | F62: =C62+D62+E62 -> 0 | G62: ='CapEx Project Detail'!B391 -> 0 | I62: =G62-H62 -> 0 | J62: =F62-G62 -> 0 | K62: ='CapEx Project Detail'!D391 -> 0 | L62: ='CapEx Project Detail'!F391 -> 0 | M62: ='CapEx Project Detail'!H391 -> 0 | N62: ='CapEx Project Detail'!J391 -> 0 | O62: ='CapEx Project Detail'!L391 -> 0 | P62: ='CapEx Project Detail'!N391 -> 0 | Q62: ='CapEx Project Detail'!P391 -> 0 | R62: ='CapEx Project Detail'!R391 -> 0 | S62: ='CapEx Project Detail'!T391 -> 0 | T62: ='CapEx Project Detail'!V391 -> 0 | U62: ='CapEx Project Detail'!X391 -> 0 | V62: ='CapEx Project Detail'!Z391 -> 0
A63: 27-49 | B63: ='CapEx Project Detail'!B393 -> 0 | C63: ='CapEx Project Detail'!B398 -> 0 | F63: =C63+D63+E63 -> 0 | G63: ='CapEx Project Detail'!B399 -> 0 | I63: =G63-H63 -> 0 | J63: =F63-G63 -> 0 | K63: ='CapEx Project Detail'!D399 -> 0 | L63: ='CapEx Project Detail'!F399 -> 0 | M63: ='CapEx Project Detail'!H399 -> 0 | N63: ='CapEx Project Detail'!J399 -> 0 | O63: ='CapEx Project Detail'!L399 -> 0 | P63: ='CapEx Project Detail'!N399 -> 0 | Q63: ='CapEx Project Detail'!P399 -> 0 | R63: ='CapEx Project Detail'!R399 -> 0 | S63: ='CapEx Project Detail'!T399 -> 0 | T63: ='CapEx Project Detail'!V399 -> 0 | U63: ='CapEx Project Detail'!X399 -> 0 | V63: ='CapEx Project Detail'!Z399 -> 0
A64: 27-50 | B64: ='CapEx Project Detail'!B401 -> 0 | C64: ='CapEx Project Detail'!B406 -> 0 | F64: =C64+D64+E64 -> 0 | G64: ='CapEx Project Detail'!B407 -> 0 | I64: =G64-H64 -> 0 | J64: =F64-G64 -> 0 | K64: ='CapEx Project Detail'!D407 -> 0 | L64: ='CapEx Project Detail'!F407 -> 0 | M64: ='CapEx Project Detail'!H407 -> 0 | N64: ='CapEx Project Detail'!J407 -> 0 | O64: ='CapEx Project Detail'!L407 -> 0 | P64: ='CapEx Project Detail'!N407 -> 0 | Q64: ='CapEx Project Detail'!P407 -> 0 | R64: ='CapEx Project Detail'!R407 -> 0 | S64: ='CapEx Project Detail'!T407 -> 0 | T64: ='CapEx Project Detail'!V407 -> 0 | U64: ='CapEx Project Detail'!X407 -> 0 | V64: ='CapEx Project Detail'!Z407 -> 0
A65: 27-51 | B65: ='CapEx Project Detail'!B409 -> 0 | C65: ='CapEx Project Detail'!B414 -> 0 | F65: =C65+D65+E65 -> 0 | G65: ='CapEx Project Detail'!B415 -> 0 | I65: =G65-H65 -> 0 | J65: =F65-G65 -> 0 | K65: ='CapEx Project Detail'!D415 -> 0 | L65: ='CapEx Project Detail'!F415 -> 0 | M65: ='CapEx Project Detail'!H415 -> 0 | N65: ='CapEx Project Detail'!J415 -> 0 | O65: ='CapEx Project Detail'!L415 -> 0 | P65: ='CapEx Project Detail'!N415 -> 0 | Q65: ='CapEx Project Detail'!P415 -> 0 | R65: ='CapEx Project Detail'!R415 -> 0 | S65: ='CapEx Project Detail'!T415 -> 0 | T65: ='CapEx Project Detail'!V415 -> 0 | U65: ='CapEx Project Detail'!X415 -> 0 | V65: ='CapEx Project Detail'!Z415 -> 0
A66: 27-52 | B66: ='CapEx Project Detail'!B417 -> 0 | C66: ='CapEx Project Detail'!B422 -> 0 | F66: =C66+D66+E66 -> 0 | G66: ='CapEx Project Detail'!B423 -> 0 | I66: =G66-H66 -> 0 | J66: =F66-G66 -> 0 | K66: ='CapEx Project Detail'!D423 -> 0 | L66: ='CapEx Project Detail'!F423 -> 0 | M66: ='CapEx Project Detail'!H423 -> 0 | N66: ='CapEx Project Detail'!J423 -> 0 | O66: ='CapEx Project Detail'!L423 -> 0 | P66: ='CapEx Project Detail'!N423 -> 0 | Q66: ='CapEx Project Detail'!P423 -> 0 | R66: ='CapEx Project Detail'!R423 -> 0 | S66: ='CapEx Project Detail'!T423 -> 0 | T66: ='CapEx Project Detail'!V423 -> 0 | U66: ='CapEx Project Detail'!X423 -> 0 | V66: ='CapEx Project Detail'!Z423 -> 0
A67: 27-53 | B67: ='CapEx Project Detail'!B425 -> 0 | C67: ='CapEx Project Detail'!B430 -> 0 | F67: =C67+D67+E67 -> 0 | G67: ='CapEx Project Detail'!B431 -> 0 | I67: =G67-H67 -> 0 | J67: =F67-G67 -> 0 | K67: ='CapEx Project Detail'!D431 -> 0 | L67: ='CapEx Project Detail'!F431 -> 0 | M67: ='CapEx Project Detail'!H431 -> 0 | N67: ='CapEx Project Detail'!J431 -> 0 | O67: ='CapEx Project Detail'!L431 -> 0 | P67: ='CapEx Project Detail'!N431 -> 0 | Q67: ='CapEx Project Detail'!P431 -> 0 | R67: ='CapEx Project Detail'!R431 -> 0 | S67: ='CapEx Project Detail'!T431 -> 0 | T67: ='CapEx Project Detail'!V431 -> 0 | U67: ='CapEx Project Detail'!X431 -> 0 | V67: ='CapEx Project Detail'!Z431 -> 0
A68: 27-54 | B68: ='CapEx Project Detail'!B433 -> 0 | C68: ='CapEx Project Detail'!B438 -> 0 | F68: =C68+D68+E68 -> 0 | G68: ='CapEx Project Detail'!B439 -> 0 | I68: =G68-H68 -> 0 | J68: =F68-G68 -> 0 | K68: ='CapEx Project Detail'!D439 -> 0 | L68: ='CapEx Project Detail'!F439 -> 0 | M68: ='CapEx Project Detail'!H439 -> 0 | N68: ='CapEx Project Detail'!J439 -> 0 | O68: ='CapEx Project Detail'!L439 -> 0 | P68: ='CapEx Project Detail'!N439 -> 0 | Q68: ='CapEx Project Detail'!P439 -> 0 | R68: ='CapEx Project Detail'!R439 -> 0 | S68: ='CapEx Project Detail'!T439 -> 0 | T68: ='CapEx Project Detail'!V439 -> 0 | U68: ='CapEx Project Detail'!X439 -> 0 | V68: ='CapEx Project Detail'!Z439 -> 0
A69: 27-55 | B69: ='CapEx Project Detail'!B441 -> 0 | C69: ='CapEx Project Detail'!B446 -> 0 | F69: =C69+D69+E69 -> 0 | G69: ='CapEx Project Detail'!B447 -> 0 | I69: =G69-H69 -> 0 | J69: =F69-G69 -> 0 | K69: ='CapEx Project Detail'!D447 -> 0 | L69: ='CapEx Project Detail'!F447 -> 0 | M69: ='CapEx Project Detail'!H447 -> 0 | N69: ='CapEx Project Detail'!J447 -> 0 | O69: ='CapEx Project Detail'!L447 -> 0 | P69: ='CapEx Project Detail'!N447 -> 0 | Q69: ='CapEx Project Detail'!P447 -> 0 | R69: ='CapEx Project Detail'!R447 -> 0 | S69: ='CapEx Project Detail'!T447 -> 0 | T69: ='CapEx Project Detail'!V447 -> 0 | U69: ='CapEx Project Detail'!X447 -> 0 | V69: ='CapEx Project Detail'!Z447 -> 0
A70: 27-56 | B70: ='CapEx Project Detail'!B449 -> 0 | C70: ='CapEx Project Detail'!B454 -> 0 | F70: =C70+D70+E70 -> 0 | G70: ='CapEx Project Detail'!B455 -> 0 | I70: =G70-H70 -> 0 | J70: =F70-G70 -> 0 | K70: ='CapEx Project Detail'!D455 -> 0 | L70: ='CapEx Project Detail'!F455 -> 0 | M70: ='CapEx Project Detail'!H455 -> 0 | N70: ='CapEx Project Detail'!J455 -> 0 | O70: ='CapEx Project Detail'!L455 -> 0 | P70: ='CapEx Project Detail'!N455 -> 0 | Q70: ='CapEx Project Detail'!P455 -> 0 | R70: ='CapEx Project Detail'!R455 -> 0 | S70: ='CapEx Project Detail'!T455 -> 0 | T70: ='CapEx Project Detail'!V455 -> 0 | U70: ='CapEx Project Detail'!X455 -> 0 | V70: ='CapEx Project Detail'!Z455 -> 0
A71: 27-57 | B71: ='CapEx Project Detail'!B457 -> 0 | C71: ='CapEx Project Detail'!B462 -> 0 | F71: =C71+D71+E71 -> 0 | G71: ='CapEx Project Detail'!B463 -> 0 | I71: =G71-H71 -> 0 | J71: =F71-G71 -> 0 | K71: ='CapEx Project Detail'!D463 -> 0 | L71: ='CapEx Project Detail'!F463 -> 0 | M71: ='CapEx Project Detail'!H463 -> 0 | N71: ='CapEx Project Detail'!J463 -> 0 | O71: ='CapEx Project Detail'!L463 -> 0 | P71: ='CapEx Project Detail'!N463 -> 0 | Q71: ='CapEx Project Detail'!P463 -> 0 | R71: ='CapEx Project Detail'!R463 -> 0 | S71: ='CapEx Project Detail'!T463 -> 0 | T71: ='CapEx Project Detail'!V463 -> 0 | U71: ='CapEx Project Detail'!X463 -> 0 | V71: ='CapEx Project Detail'!Z463 -> 0
A72: 27-58 | B72: ='CapEx Project Detail'!B465 -> 0 | C72: ='CapEx Project Detail'!B470 -> 0 | F72: =C72+D72+E72 -> 0 | G72: ='CapEx Project Detail'!B471 -> 0 | I72: =G72-H72 -> 0 | J72: =F72-G72 -> 0 | K72: ='CapEx Project Detail'!D471 -> 0 | L72: ='CapEx Project Detail'!F471 -> 0 | M72: ='CapEx Project Detail'!H471 -> 0 | N72: ='CapEx Project Detail'!J471 -> 0 | O72: ='CapEx Project Detail'!L471 -> 0 | P72: ='CapEx Project Detail'!N471 -> 0 | Q72: ='CapEx Project Detail'!P471 -> 0 | R72: ='CapEx Project Detail'!R471 -> 0 | S72: ='CapEx Project Detail'!T471 -> 0 | T72: ='CapEx Project Detail'!V471 -> 0 | U72: ='CapEx Project Detail'!X471 -> 0 | V72: ='CapEx Project Detail'!Z471 -> 0
A73: 27-59 | B73: ='CapEx Project Detail'!B473 -> 0 | C73: ='CapEx Project Detail'!B478 -> 0 | F73: =C73+D73+E73 -> 0 | G73: ='CapEx Project Detail'!B479 -> 0 | I73: =G73-H73 -> 0 | J73: =F73-G73 -> 0 | K73: ='CapEx Project Detail'!D479 -> 0 | L73: ='CapEx Project Detail'!F479 -> 0 | M73: ='CapEx Project Detail'!H479 -> 0 | N73: ='CapEx Project Detail'!J479 -> 0 | O73: ='CapEx Project Detail'!L479 -> 0 | P73: ='CapEx Project Detail'!N479 -> 0 | Q73: ='CapEx Project Detail'!P479 -> 0 | R73: ='CapEx Project Detail'!R479 -> 0 | S73: ='CapEx Project Detail'!T479 -> 0 | T73: ='CapEx Project Detail'!V479 -> 0 | U73: ='CapEx Project Detail'!X479 -> 0 | V73: ='CapEx Project Detail'!Z479 -> 0
A74: 27-60 | B74: ='CapEx Project Detail'!B481 -> 0 | C74: ='CapEx Project Detail'!B486 -> 0 | F74: =C74+D74+E74 -> 0 | G74: ='CapEx Project Detail'!B487 -> 0 | I74: =G74-H74 -> 0 | J74: =F74-G74 -> 0 | K74: ='CapEx Project Detail'!D487 -> 0 | L74: ='CapEx Project Detail'!F487 -> 0 | M74: ='CapEx Project Detail'!H487 -> 0 | N74: ='CapEx Project Detail'!J487 -> 0 | O74: ='CapEx Project Detail'!L487 -> 0 | P74: ='CapEx Project Detail'!N487 -> 0 | Q74: ='CapEx Project Detail'!P487 -> 0 | R74: ='CapEx Project Detail'!R487 -> 0 | S74: ='CapEx Project Detail'!T487 -> 0 | T74: ='CapEx Project Detail'!V487 -> 0 | U74: ='CapEx Project Detail'!X487 -> 0 | V74: ='CapEx Project Detail'!Z487 -> 0
A75: 27-61 | B75: ='CapEx Project Detail'!B489 -> 0 | C75: ='CapEx Project Detail'!B494 -> 0 | F75: =C75+D75+E75 -> 0 | G75: ='CapEx Project Detail'!B495 -> 0 | I75: =G75-H75 -> 0 | J75: =F75-G75 -> 0 | K75: ='CapEx Project Detail'!D495 -> 0 | L75: ='CapEx Project Detail'!F495 -> 0 | M75: ='CapEx Project Detail'!H495 -> 0 | N75: ='CapEx Project Detail'!J495 -> 0 | O75: ='CapEx Project Detail'!L495 -> 0 | P75: ='CapEx Project Detail'!N495 -> 0 | Q75: ='CapEx Project Detail'!P495 -> 0 | R75: ='CapEx Project Detail'!R495 -> 0 | S75: ='CapEx Project Detail'!T495 -> 0 | T75: ='CapEx Project Detail'!V495 -> 0 | U75: ='CapEx Project Detail'!X495 -> 0 | V75: ='CapEx Project Detail'!Z495 -> 0
A76: 27-62 | B76: ='CapEx Project Detail'!B497 -> 0 | C76: ='CapEx Project Detail'!B502 -> 0 | F76: =C76+D76+E76 -> 0 | G76: ='CapEx Project Detail'!B503 -> 0 | I76: =G76-H76 -> 0 | J76: =F76-G76 -> 0 | K76: ='CapEx Project Detail'!D503 -> 0 | L76: ='CapEx Project Detail'!F503 -> 0 | M76: ='CapEx Project Detail'!H503 -> 0 | N76: ='CapEx Project Detail'!J503 -> 0 | O76: ='CapEx Project Detail'!L503 -> 0 | P76: ='CapEx Project Detail'!N503 -> 0 | Q76: ='CapEx Project Detail'!P503 -> 0 | R76: ='CapEx Project Detail'!R503 -> 0 | S76: ='CapEx Project Detail'!T503 -> 0 | T76: ='CapEx Project Detail'!V503 -> 0 | U76: ='CapEx Project Detail'!X503 -> 0 | V76: ='CapEx Project Detail'!Z503 -> 0
A77: 27-63 | B77: ='CapEx Project Detail'!B505 -> 0 | C77: ='CapEx Project Detail'!B510 -> 0 | F77: =C77+D77+E77 -> 0 | G77: ='CapEx Project Detail'!B511 -> 0 | I77: =G77-H77 -> 0 | J77: =F77-G77 -> 0 | K77: ='CapEx Project Detail'!D511 -> 0 | L77: ='CapEx Project Detail'!F511 -> 0 | M77: ='CapEx Project Detail'!H511 -> 0 | N77: ='CapEx Project Detail'!J511 -> 0 | O77: ='CapEx Project Detail'!L511 -> 0 | P77: ='CapEx Project Detail'!N511 -> 0 | Q77: ='CapEx Project Detail'!P511 -> 0 | R77: ='CapEx Project Detail'!R511 -> 0 | S77: ='CapEx Project Detail'!T511 -> 0 | T77: ='CapEx Project Detail'!V511 -> 0 | U77: ='CapEx Project Detail'!X511 -> 0 | V77: ='CapEx Project Detail'!Z511 -> 0
A78: 27-64 | B78: ='CapEx Project Detail'!B513 -> 0 | C78: ='CapEx Project Detail'!B518 -> 0 | F78: =C78+D78+E78 -> 0 | G78: ='CapEx Project Detail'!B519 -> 0 | I78: =G78-H78 -> 0 | J78: =F78-G78 -> 0 | K78: ='CapEx Project Detail'!D519 -> 0 | L78: ='CapEx Project Detail'!F519 -> 0 | M78: ='CapEx Project Detail'!H519 -> 0 | N78: ='CapEx Project Detail'!J519 -> 0 | O78: ='CapEx Project Detail'!L519 -> 0 | P78: ='CapEx Project Detail'!N519 -> 0 | Q78: ='CapEx Project Detail'!P519 -> 0 | R78: ='CapEx Project Detail'!R519 -> 0 | S78: ='CapEx Project Detail'!T519 -> 0 | T78: ='CapEx Project Detail'!V519 -> 0 | U78: ='CapEx Project Detail'!X519 -> 0 | V78: ='CapEx Project Detail'!Z519 -> 0
A79: 27-65 | B79: ='CapEx Project Detail'!B521 -> 0 | C79: ='CapEx Project Detail'!B526 -> 0 | F79: =C79+D79+E79 -> 0 | G79: ='CapEx Project Detail'!B527 -> 0 | I79: =G79-H79 -> 0 | J79: =F79-G79 -> 0 | K79: ='CapEx Project Detail'!D527 -> 0 | L79: ='CapEx Project Detail'!F527 -> 0 | M79: ='CapEx Project Detail'!H527 -> 0 | N79: ='CapEx Project Detail'!J527 -> 0 | O79: ='CapEx Project Detail'!L527 -> 0 | P79: ='CapEx Project Detail'!N527 -> 0 | Q79: ='CapEx Project Detail'!P527 -> 0 | R79: ='CapEx Project Detail'!R527 -> 0 | S79: ='CapEx Project Detail'!T527 -> 0 | T79: ='CapEx Project Detail'!V527 -> 0 | U79: ='CapEx Project Detail'!X527 -> 0 | V79: ='CapEx Project Detail'!Z527 -> 0
A80: 27-66 | B80: ='CapEx Project Detail'!B529 -> 0 | C80: ='CapEx Project Detail'!B534 -> 0 | F80: =C80+D80+E80 -> 0 | G80: ='CapEx Project Detail'!B535 -> 0 | I80: =G80-H80 -> 0 | J80: =F80-G80 -> 0 | K80: ='CapEx Project Detail'!D535 -> 0 | L80: ='CapEx Project Detail'!F535 -> 0 | M80: ='CapEx Project Detail'!H535 -> 0 | N80: ='CapEx Project Detail'!J535 -> 0 | O80: ='CapEx Project Detail'!L535 -> 0 | P80: ='CapEx Project Detail'!N535 -> 0 | Q80: ='CapEx Project Detail'!P535 -> 0 | R80: ='CapEx Project Detail'!R535 -> 0 | S80: ='CapEx Project Detail'!T535 -> 0 | T80: ='CapEx Project Detail'!V535 -> 0 | U80: ='CapEx Project Detail'!X535 -> 0 | V80: ='CapEx Project Detail'!Z535 -> 0
A81: 27-67 | B81: ='CapEx Project Detail'!B537 -> 0 | C81: ='CapEx Project Detail'!B542 -> 0 | F81: =C81+D81+E81 -> 0 | G81: ='CapEx Project Detail'!B543 -> 0 | I81: =G81-H81 -> 0 | J81: =F81-G81 -> 0 | K81: ='CapEx Project Detail'!D543 -> 0 | L81: ='CapEx Project Detail'!F543 -> 0 | M81: ='CapEx Project Detail'!H543 -> 0 | N81: ='CapEx Project Detail'!J543 -> 0 | O81: ='CapEx Project Detail'!L543 -> 0 | P81: ='CapEx Project Detail'!N543 -> 0 | Q81: ='CapEx Project Detail'!P543 -> 0 | R81: ='CapEx Project Detail'!R543 -> 0 | S81: ='CapEx Project Detail'!T543 -> 0 | T81: ='CapEx Project Detail'!V543 -> 0 | U81: ='CapEx Project Detail'!X543 -> 0 | V81: ='CapEx Project Detail'!Z543 -> 0
A82: 27-68 | B82: ='CapEx Project Detail'!B545 -> 0 | C82: ='CapEx Project Detail'!B550 -> 0 | F82: =C82+D82+E82 -> 0 | G82: ='CapEx Project Detail'!B551 -> 0 | I82: =G82-H82 -> 0 | J82: =F82-G82 -> 0 | K82: ='CapEx Project Detail'!D551 -> 0 | L82: ='CapEx Project Detail'!F551 -> 0 | M82: ='CapEx Project Detail'!H551 -> 0 | N82: ='CapEx Project Detail'!J551 -> 0 | O82: ='CapEx Project Detail'!L551 -> 0 | P82: ='CapEx Project Detail'!N551 -> 0 | Q82: ='CapEx Project Detail'!P551 -> 0 | R82: ='CapEx Project Detail'!R551 -> 0 | S82: ='CapEx Project Detail'!T551 -> 0 | T82: ='CapEx Project Detail'!V551 -> 0 | U82: ='CapEx Project Detail'!X551 -> 0 | V82: ='CapEx Project Detail'!Z551 -> 0
A83: 27-69 | B83: ='CapEx Project Detail'!B553 -> 0 | C83: ='CapEx Project Detail'!B558 -> 0 | F83: =C83+D83+E83 -> 0 | G83: ='CapEx Project Detail'!B559 -> 0 | I83: =G83-H83 -> 0 | J83: =F83-G83 -> 0 | K83: ='CapEx Project Detail'!D559 -> 0 | L83: ='CapEx Project Detail'!F559 -> 0 | M83: ='CapEx Project Detail'!H559 -> 0 | N83: ='CapEx Project Detail'!J559 -> 0 | O83: ='CapEx Project Detail'!L559 -> 0 | P83: ='CapEx Project Detail'!N559 -> 0 | Q83: ='CapEx Project Detail'!P559 -> 0 | R83: ='CapEx Project Detail'!R559 -> 0 | S83: ='CapEx Project Detail'!T559 -> 0 | T83: ='CapEx Project Detail'!V559 -> 0 | U83: ='CapEx Project Detail'!X559 -> 0 | V83: ='CapEx Project Detail'!Z559 -> 0
A84: 27-70 | B84: ='CapEx Project Detail'!B561 -> 0 | C84: ='CapEx Project Detail'!B566 -> 0 | F84: =C84+D84+E84 -> 0 | G84: ='CapEx Project Detail'!B567 -> 0 | I84: =G84-H84 -> 0 | J84: =F84-G84 -> 0 | K84: ='CapEx Project Detail'!D567 -> 0 | L84: ='CapEx Project Detail'!F567 -> 0 | M84: ='CapEx Project Detail'!H567 -> 0 | N84: ='CapEx Project Detail'!J567 -> 0 | O84: ='CapEx Project Detail'!L567 -> 0 | P84: ='CapEx Project Detail'!N567 -> 0 | Q84: ='CapEx Project Detail'!P567 -> 0 | R84: ='CapEx Project Detail'!R567 -> 0 | S84: ='CapEx Project Detail'!T567 -> 0 | T84: ='CapEx Project Detail'!V567 -> 0 | U84: ='CapEx Project Detail'!X567 -> 0 | V84: ='CapEx Project Detail'!Z567 -> 0
A85: 27-71 | B85: ='CapEx Project Detail'!B569 -> 0 | C85: ='CapEx Project Detail'!B574 -> 0 | F85: =C85+D85+E85 -> 0 | G85: ='CapEx Project Detail'!B575 -> 0 | I85: =G85-H85 -> 0 | J85: =F85-G85 -> 0 | K85: ='CapEx Project Detail'!D575 -> 0 | L85: ='CapEx Project Detail'!F575 -> 0 | M85: ='CapEx Project Detail'!H575 -> 0 | N85: ='CapEx Project Detail'!J575 -> 0 | O85: ='CapEx Project Detail'!L575 -> 0 | P85: ='CapEx Project Detail'!N575 -> 0 | Q85: ='CapEx Project Detail'!P575 -> 0 | R85: ='CapEx Project Detail'!R575 -> 0 | S85: ='CapEx Project Detail'!T575 -> 0 | T85: ='CapEx Project Detail'!V575 -> 0 | U85: ='CapEx Project Detail'!X575 -> 0 | V85: ='CapEx Project Detail'!Z575 -> 0
A86: 27-72 | B86: ='CapEx Project Detail'!B577 -> 0 | C86: ='CapEx Project Detail'!B582 -> 0 | F86: =C86+D86+E86 -> 0 | G86: ='CapEx Project Detail'!B583 -> 0 | I86: =G86-H86 -> 0 | J86: =F86-G86 -> 0 | K86: ='CapEx Project Detail'!D583 -> 0 | L86: ='CapEx Project Detail'!F583 -> 0 | M86: ='CapEx Project Detail'!H583 -> 0 | N86: ='CapEx Project Detail'!J583 -> 0 | O86: ='CapEx Project Detail'!L583 -> 0 | P86: ='CapEx Project Detail'!N583 -> 0 | Q86: ='CapEx Project Detail'!P583 -> 0 | R86: ='CapEx Project Detail'!R583 -> 0 | S86: ='CapEx Project Detail'!T583 -> 0 | T86: ='CapEx Project Detail'!V583 -> 0 | U86: ='CapEx Project Detail'!X583 -> 0 | V86: ='CapEx Project Detail'!Z583 -> 0
A87: 27-73 | B87: ='CapEx Project Detail'!B585 -> 0 | C87: ='CapEx Project Detail'!B590 -> 0 | F87: =C87+D87+E87 -> 0 | G87: ='CapEx Project Detail'!B591 -> 0 | I87: =G87-H87 -> 0 | J87: =F87-G87 -> 0 | K87: ='CapEx Project Detail'!D591 -> 0 | L87: ='CapEx Project Detail'!F591 -> 0 | M87: ='CapEx Project Detail'!H591 -> 0 | N87: ='CapEx Project Detail'!J591 -> 0 | O87: ='CapEx Project Detail'!L591 -> 0 | P87: ='CapEx Project Detail'!N591 -> 0 | Q87: ='CapEx Project Detail'!P591 -> 0 | R87: ='CapEx Project Detail'!R591 -> 0 | S87: ='CapEx Project Detail'!T591 -> 0 | T87: ='CapEx Project Detail'!V591 -> 0 | U87: ='CapEx Project Detail'!X591 -> 0 | V87: ='CapEx Project Detail'!Z591 -> 0
A88: 27-74 | B88: ='CapEx Project Detail'!B593 -> 0 | C88: ='CapEx Project Detail'!B598 -> 0 | F88: =C88+D88+E88 -> 0 | G88: ='CapEx Project Detail'!B599 -> 0 | I88: =G88-H88 -> 0 | J88: =F88-G88 -> 0 | K88: ='CapEx Project Detail'!D599 -> 0 | L88: ='CapEx Project Detail'!F599 -> 0 | M88: ='CapEx Project Detail'!H599 -> 0 | N88: ='CapEx Project Detail'!J599 -> 0 | O88: ='CapEx Project Detail'!L599 -> 0 | P88: ='CapEx Project Detail'!N599 -> 0 | Q88: ='CapEx Project Detail'!P599 -> 0 | R88: ='CapEx Project Detail'!R599 -> 0 | S88: ='CapEx Project Detail'!T599 -> 0 | T88: ='CapEx Project Detail'!V599 -> 0 | U88: ='CapEx Project Detail'!X599 -> 0 | V88: ='CapEx Project Detail'!Z599 -> 0
A89: 27-75 | B89: ='CapEx Project Detail'!B601 -> 0 | C89: ='CapEx Project Detail'!B606 -> 0 | F89: =C89+D89+E89 -> 0 | G89: ='CapEx Project Detail'!B607 -> 0 | I89: =G89-H89 -> 0 | J89: =F89-G89 -> 0 | K89: ='CapEx Project Detail'!D607 -> 0 | L89: ='CapEx Project Detail'!F607 -> 0 | M89: ='CapEx Project Detail'!H607 -> 0 | N89: ='CapEx Project Detail'!J607 -> 0 | O89: ='CapEx Project Detail'!L607 -> 0 | P89: ='CapEx Project Detail'!N607 -> 0 | Q89: ='CapEx Project Detail'!P607 -> 0 | R89: ='CapEx Project Detail'!R607 -> 0 | S89: ='CapEx Project Detail'!T607 -> 0 | T89: ='CapEx Project Detail'!V607 -> 0 | U89: ='CapEx Project Detail'!X607 -> 0 | V89: ='CapEx Project Detail'!Z607 -> 0
B90: TOTAL | C90: =SUM(C15:C89) -> 0 | D90: =SUM(D15:D89) -> 0 | E90: =SUM(E15:E89) -> 0 | F90: =SUM(F15:F89) -> 0 | G90: =SUM(G15:G89) -> 0 | H90: =SUM(H15:H89) -> 0 | I90: =SUM(I15:I89) -> 0 | J90: =SUM(J15:J89) -> 0 | ... V90: =SUM(V15:V89) -> 0

Sheet CapEx Project Detail
A1: =Title!A27 -> Input Hotel Name Here
A2: =Title!A29 -> 2027 | AK2: A
A3: Cap Ex Project Detail | AK3: B
AK4: C
C5: MONTHLY COMMITMENTS
C6: Approval | D6: January | E6: Approval | F6: February | G6: Approval | H6: March | I6: Approval | J6: April | K6: Approval | L6: May | M6: Approval | N6: June | O6: Approval | P6: July | Q6: Approval | R6: August | S6: Approval | T6: September | U6: Approval | V6: October | W6: Approval | X6: November | Y6: Approval | Z6: December
C7: Date | E7: Date | G7: Date | I7: Date | K7: Date | M7: Date | O7: Date | Q7: Date | S7: Date | U7: Date | W7: Date | Y7: Date
A8: Project # | B8: ='Curent Year CapEx'!A15 -> 27-01
A9: Project Name:
A10: Priority:
A11: Start Date:
A12: End Date:
A13: Description:
A14: Total Budget: | B14: 0
A15: Total Commited: | B15: =D15+F15+H15+J15+L15+N15+P15+R15+T15+V15+X15+Z15 -> 0 | D15: =D11+D12+D13 -> 0 | F15: =F11+F12+F13 -> 0 | H15: =H11+H12+H13 -> 0 | J15: =J11+J12+J13 -> 0 | L15: =L11+L12+L13 -> 0 | N15: =N11+N12+N13 -> 0 | P15: =P11+P12+P13 -> 0 | R15: =R11+R12+R13 -> 0 | T15: =T11+T12+T13 -> 0 | V15: =V11+V12+V13 -> 0 | X15: =X11+X12+X13 -> 0 | Z15: =Z11+Z12+Z13 -> 0
A16: Project # | B16: ='Curent Year CapEx'!A16 -> 27-02
A17: Project Name:
A18: Priority:
A19: Start Date:
A20: End Date:
A21: Description:
A22: Total Budget: | B22: 0
A23: Total Commited: | B23: =D23+F23+H23+J23+L23+N23+P23+R23+T23+V23+X23+Z23 -> 0 | D23: =D19+D20+D21 -> 0 | F23: =F19+F20+F21 -> 0 | H23: =H19+H20+H21 -> 0 | J23: =J19+J20+J21 -> 0 | L23: =L19+L20+L21 -> 0 | N23: =N19+N20+N21 -> 0 | P23: =P19+P20+P21 -> 0 | R23: =R19+R20+R21 -> 0 | T23: =T19+T20+T21 -> 0 | V23: =V19+V20+V21 -> 0 | X23: =X19+X20+X21 -> 0 | Z23: =Z19+Z20+Z21 -> 0
A24: Project # | B24: ='Curent Year CapEx'!A17 -> 27-03
A25: Project Name:
A26: Priority:
A27: Start Date:
A28: End Date:
A29: Description:
A30: Total Budget: | B30: 0
A31: Total Commited: | B31: =D31+F31+H31+J31+L31+N31+P31+R31+T31+V31+X31+Z31 -> 0 | D31: =D27+D28+D29 -> 0 | F31: =F27+F28+F29 -> 0 | H31: =H27+H28+H29 -> 0 | J31: =J27+J28+J29 -> 0 | L31: =L27+L28+L29 -> 0 | N31: =N27+N28+N29 -> 0 | P31: =P27+P28+P29 -> 0 | R31: =R27+R28+R29 -> 0 | T31: =T27+T28+T29 -> 0 | V31: =V27+V28+V29 -> 0 | X31: =X27+X28+X29 -> 0 | Z31: =Z27+Z28+Z29 -> 0
A32: Project # | B32: ='Curent Year CapEx'!A18 -> 27-04
A33: Project Name:
A34: Priority:
A35: Start Date:
A36: End Date:
A37: Description:
A38: Total Budget: | B38: 0
A39: Total Commited: | B39: =D39+F39+H39+J39+L39+N39+P39+R39+T39+V39+X39+Z39 -> 0 | D39: =D35+D36+D37 -> 0 | F39: =F35+F36+F37 -> 0 | H39: =H35+H36+H37 -> 0 | J39: =J35+J36+J37 -> 0 | L39: =L35+L36+L37 -> 0 | N39: =N35+N36+N37 -> 0 | P39: =P35+P36+P37 -> 0 | R39: =R35+R36+R37 -> 0 | T39: =T35+T36+T37 -> 0 | V39: =V35+V36+V37 -> 0 | X39: =X35+X36+X37 -> 0 | Z39: =Z35+Z36+Z37 -> 0
A40: Project # | B40: ='Curent Year CapEx'!A19 -> 27-05
A41: Project Name:
A42: Priority:
A43: Start Date:
A44: End Date:
A45: Description:
A46: Total Budget: | B46: 0
A47: Total Commited: | B47: =D47+F47+H47+J47+L47+N47+P47+R47+T47+V47+X47+Z47 -> 0 | D47: =D43+D44+D45 -> 0 | F47: =F43+F44+F45 -> 0 | H47: =H43+H44+H45 -> 0 | J47: =J43+J44+J45 -> 0 | L47: =L43+L44+L45 -> 0 | N47: =N43+N44+N45 -> 0 | P47: =P43+P44+P45 -> 0 | R47: =R43+R44+R45 -> 0 | T47: =T43+T44+T45 -> 0 | V47: =V43+V44+V45 -> 0 | X47: =X43+X44+X45 -> 0 | Z47: =Z43+Z44+Z45 -> 0
A48: Project # | B48: ='Curent Year CapEx'!A20 -> 27-06
A49: Project Name:
A50: Priority:
A51: Start Date:
A52: End Date:
A53: Description:
A54: Total Budget: | B54: 0
A55: Total Commited: | B55: =D55+F55+H55+J55+L55+N55+P55+R55+T55+V55+X55+Z55 -> 0 | D55: =D51+D52+D53 -> 0 | F55: =F51+F52+F53 -> 0 | H55: =H51+H52+H53 -> 0 | J55: =J51+J52+J53 -> 0 | L55: =L51+L52+L53 -> 0 | N55: =N51+N52+N53 -> 0 | P55: =P51+P52+P53 -> 0 | R55: =R51+R52+R53 -> 0 | T55: =T51+T52+T53 -> 0 | V55: =V51+V52+V53 -> 0 | X55: =X51+X52+X53 -> 0 | Z55: =Z51+Z52+Z53 -> 0
A56: Project # | B56: ='Curent Year CapEx'!A21 -> 27-07
A57: Project Name:
A58: Priority:
A59: Start Date:
A60: End Date:
A61: Description:
A62: Total Budget: | B62: 0
A63: Total Commited: | B63: =D63+F63+H63+J63+L63+N63+P63+R63+T63+V63+X63+Z63 -> 0 | D63: =D59+D60+D61 -> 0 | F63: =F59+F60+F61 -> 0 | H63: =H59+H60+H61 -> 0 | J63: =J59+J60+J61 -> 0 | L63: =L59+L60+L61 -> 0 | N63: =N59+N60+N61 -> 0 | P63: =P59+P60+P61 -> 0 | R63: =R59+R60+R61 -> 0 | T63: =T59+T60+T61 -> 0 | V63: =V59+V60+V61 -> 0 | X63: =X59+X60+X61 -> 0 | Z63: =Z59+Z60+Z61 -> 0
A64: Project # | B64: ='Curent Year CapEx'!A22 -> 27-08
A65: Project Name:
A66: Priority:
A67: Start Date:
A68: End Date:
A69: Description:
A70: Total Budget: | B70: 0
A71: Total Commited: | B71: =D71+F71+H71+J71+L71+N71+P71+R71+T71+V71+X71+Z71 -> 0 | D71: =D67+D68+D69 -> 0 | F71: =F67+F68+F69 -> 0 | H71: =H67+H68+H69 -> 0 | J71: =J67+J68+J69 -> 0 | L71: =L67+L68+L69 -> 0 | N71: =N67+N68+N69 -> 0 | P71: =P67+P68+P69 -> 0 | R71: =R67+R68+R69 -> 0 | T71: =T67+T68+T69 -> 0 | V71: =V67+V68+V69 -> 0 | X71: =X67+X68+X69 -> 0 | Z71: =Z67+Z68+Z69 -> 0
A72: Project # | B72: ='Curent Year CapEx'!A23 -> 27-09
A73: Project Name:
A74: Priority:
A75: Start Date:
A76: End Date:
A77: Description:
A78: Total Budget: | B78: 0
A79: Total Commited: | B79: =D79+F79+H79+J79+L79+N79+P79+R79+T79+V79+X79+Z79 -> 0 | D79: =D75+D76+D77 -> 0 | F79: =F75+F76+F77 -> 0 | H79: =H75+H76+H77 -> 0 | J79: =J75+J76+J77 -> 0 | L79: =L75+L76+L77 -> 0 | N79: =N75+N76+N77 -> 0 | P79: =P75+P76+P77 -> 0 | R79: =R75+R76+R77 -> 0 | T79: =T75+T76+T77 -> 0 | V79: =V75+V76+V77 -> 0 | X79: =X75+X76+X77 -> 0 | Z79: =Z75+Z76+Z77 -> 0
A80: Project # | B80: ='Curent Year CapEx'!A24 -> 27-10
A81: Project Name:
A82: Priority:
A83: Start Date:
A84: End Date:
A85: Description:
A86: Total Budget: | B86: 0
A87: Total Commited: | B87: =D87+F87+H87+J87+L87+N87+P87+R87+T87+V87+X87+Z87 -> 0 | D87: =D83+D84+D85 -> 0 | F87: =F83+F84+F85 -> 0 | H87: =H83+H84+H85 -> 0 | J87: =J83+J84+J85 -> 0 | L87: =L83+L84+L85 -> 0 | N87: =N83+N84+N85 -> 0 | P87: =P83+P84+P85 -> 0 | R87: =R83+R84+R85 -> 0 | T87: =T83+T84+T85 -> 0 | V87: =V83+V84+V85 -> 0 | X87: =X83+X84+X85 -> 0 | Z87: =Z83+Z84+Z85 -> 0
A88: Project # | B88: ='Curent Year CapEx'!A25 -> 27-11
A89: Project Name:
A90: Priority:
A91: Start Date:
A92: End Date:
A93: Description:
A94: Total Budget: | B94: 0
A95: Total Commited: | B95: =D95+F95+H95+J95+L95+N95+P95+R95+T95+V95+X95+Z95 -> 0 | D95: =D91+D92+D93 -> 0 | F95: =F91+F92+F93 -> 0 | H95: =H91+H92+H93 -> 0 | J95: =J91+J92+J93 -> 0 | L95: =L91+L92+L93 -> 0 | N95: =N91+N92+N93 -> 0 | P95: =P91+P92+P93 -> 0 | R95: =R91+R92+R93 -> 0 | T95: =T91+T92+T93 -> 0 | V95: =V91+V92+V93 -> 0 | X95: =X91+X92+X93 -> 0 | Z95: =Z91+Z92+Z93 -> 0
A96: Project # | B96: ='Curent Year CapEx'!A26 -> 27-12
A97: Project Name:
A98: Priority:
A99: Start Date:
A100: End Date:
...

Sheet 5 Yr Cap Ex
A1: =Title!A27 -> Input Hotel Name Here
A2: 2027-2031
A3: =Title!A30 -> Capital Expenditure Budget
A4: ="TOTAL KEYS:"&TEXT(Title!G36,"0") -> TOTAL KEYS:0
A7: EXPENDITURE SUMMARY | B7: PLANNED EXPENDITURES
B8: 2027 | C8: 2028 | D8: 2029 | E8: 2030 | F8: 2031 | G8: TOTAL
A12: FF&E REPLACEMENT
A13: - Guestrooms and Corridors | G13: =SUM(B13:F13) -> 0
A14: - Metting Rooms and Public Areas | G14: =SUM(B14:F14) -> 0
A15: - F&B Outlets | G15: =SUM(B15:F15) -> 0
A16: - Back of the House | G16: =SUM(B16:F16) -> 0
A17: - Systems | G17: =SUM(B17:F17) -> 0
A18: - Brand conversions / Standards | G18: =SUM(B18:F18) -> 0
A19: TOTAL FF&E REPLACEMENT | B19: =SUM(B13:B18) -> 0 | C19: =SUM(C13:C18) -> 0 | D19: =SUM(D13:D18) -> 0 | E19: =SUM(E13:E18) -> 0 | F19: =SUM(F13:F18) -> 0 | G19: =SUM(B19:F19) -> 0
A21: REGULATORY / MANDATORY | L21: =SUM(B31:B34) -> 0
A23: BUILDING CUSTODIAL
A25: PROFIT IMPROVEMENT
A27: TOTAL PROJECTS | B27: =SUM(B19:B26) -> 0 | C27: =SUM(C19:C26) -> 0 | D27: =SUM(D19:D26) -> 0 | E27: =SUM(E19:E26) -> 0 | F27: =SUM(F19:F26) -> 0 | G27: =SUM(B27:F27) -> 0
A28: TOTAL DETAIL TO BUDGET | B28: ='Curent Year CapEx'!C90-B27 -> 0 | C28: ='5 Yr Project Detail'!D40-C27 -> 0 | D28: ='5 Yr Project Detail'!D75-D27 -> 0 | E28: ='5 Yr Project Detail'!D110-E27 -> 0 | F28: ='5 Yr Project Detail'!D145-F27 -> 0 | G28: =SUM(B28:F28) -> 0
A30: Funding profile
A31: - | G31: =SUM(B31:F31) -> 0
A32: - | G32: =SUM(B32:F32) -> 0
A33: - | G33: =SUM(B33:F33) -> 0
A34: - Replacement reserve | B34: =ROUND(B37*B38,0) -> 0 | C34: =ROUND(C37*C38,0) -> 0 | D34: =ROUND(D37*D38,0) -> 0 | E34: =ROUND(E37*E38,0) -> 0 | F34: =ROUND(F37*F38,0) -> 0 | G34: =SUM(B34:F34) -> 0
A35: TOTAL FUNDING (Must equal Expenditures) | B35: =SUM(B31:B34) -> 0 | C35: =SUM(C31:C34) -> 0 | D35: =SUM(D31:D34) -> 0 | E35: =SUM(E31:E34) -> 0 | F35: =SUM(F31:F34) -> 0 | G35: =SUM(G31:G34) -> 0
B36: =IF(B27-B35=0,"",IF(B27-B35<0,"Funding Exceeds Projects","Projects Exceed Funding")) | C36: =IF(C27-C35=0,"",IF(C27-C35<0,"Funding Exceeds Projects","Projects Exceed Funding")) | D36: =IF(D27-D35=0,"",IF(D27-D35<0,"Funding Exceeds Projects","Projects Exceed Funding")) | E36: =IF(E27-E35=0,"",IF(E27-E35<0,"Funding Exceeds Projects","Projects Exceed Funding")) | F36: =IF(F27-F35=0,"",IF(F27-F35<0,"Funding Exceeds Projects","Projects Exceed Funding")) | G36: =IF(G27-G35=0,"",IF(G27-G35<0,"Funding Exceeds Projects","Projects Exceed Funding"))
A37: Total Revenue | B37: ='Curent Year CapEx'!C6 -> 0 | C37: 0 | D37: 0 | E37: 0 | F37: 0 | G37: =SUM(B37:F37) -> 0
A38: Replacement Reserve % | B38: 0.04 | C38: 0.04 | D38: 0.04 | E38: 0.04 | F38: 0.04 | G38: =IFERROR(G34/G37,0) -> 0
A39: Total Projects % of Total Revenue | B39: =IFERROR(B27/B37,0) -> 0 | C39: =IFERROR(C27/C37,0) -> 0 | D39: =IFERROR(D27/D37,0) -> 0 | E39: =IFERROR(E27/E37,0) -> 0 | F39: =IFERROR(F27/F37,0) -> 0 | G39: =IFERROR(G27/G37,0) -> 0

Sheet 5 Yr Project Detail
A1: REBEL HOTEL COMPANY | C1: Property: | D1: =Title!A27 -> Input Hotel Name Here
A2: 5 YEAR CAPITAL BUDGET PLANNING WORKSHEET | C2: Property Location: | D2: =Title!A28 -> New York, NY
A3: YEARS 2-5
A5: YEAR | B5: DESCRIPTION | C5: COMMENTS | D5: PROJECTED COST
A6: =Title!A29+1 -> 2028
C40: TOTAL | D40: =SUM(D6:D39) -> 0
A41: =Title!A29+2 -> 2029
C75: TOTAL | D75: =SUM(D41:D74) -> 0
A76: =Title!A29+3 -> 2030
C110: TOTAL | D110: =SUM(D76:D109) -> 0
A111: =Title!A29+4 -> 2031
C145: TOTAL | D145: =SUM(D111:D144) -> 0
